cohdb
Replays
Latest Replays
All Replays
Popular Replays
Top Player Replays
Match Explorer
How It Works
Community
CoH3 Stats
Reddit
Sign in to upload your games and track your stats! →
Sign in with Steam
Match 45203380
Unlisted
Match 45203380
Overview
Messages
Build Orders
End
Kettenkrad Recon Vehicle
Construct Infanterie Kompanie
Selects Breakthrough Battlegroup
Selects Assault Grenadiers
MG 42 Machine Gun Team
Grenadier Squad
Grenadier Squad
GrW 34 Mortar Team
Construct Luftwaffe Kompanie
Selects 2.5-tonne Cargo Truck
221 Scout Car
2.5-tonne Cargo Truck
Selects Breakthrough
Jäger Squad
Construct Panzer Kompanie
Panzer IV Medium Tank
Stoßtruppen Squad
Selects Blitzkrieg
Medical Station
Panzer IV Medium Tank
Blitzkrieg
DALT11
Polka_Pete
0
0
Comments
sign in to comment!
No comments posted yet!